Map: [ESL] Berlingrad

Players

Maru - Winner!

  • Race: Terran Terran

Clem

  • Race: Terran Terran

Event: IEM Katowice 2022

VOD

Have the link to the VOD?

Description

Time

  • Played on: Feb. 25, 2022, 11:07 a.m.
  • Length: 14:34

All games in this series

Show
View Real Time Build Order
Export as new Build Order

Maru Terran - Winner!

Build Orders: Cyclone Opening 

Get SALT Encoding   

  12  0:00  SCV  
  13  0:12  SCV  
  14  0:17  Supply Depot  
  14  0:24  SCV  
  15  0:39  SCV  
  15  0:41  Barracks  
  16  0:44  Refinery  
  16  0:51  SCV  
  16  0:53  Refinery  
  17  1:03  SCV  
  18  1:15  SCV  
  19  1:28  Reaper, Orbital Command  
  20  1:33  Supply Depot  
  20  1:43  Factory  
  20  1:53  SCV  
  21  2:00  Reaper  
  22  2:05  SCV  
  23  2:17  SCV  
  23  2:22  Command Center  
  24  2:26  Factory Tech Lab  
  24  2:29  SCV  
  25  2:32  Barracks Reactor  
  25  2:36  Supply Depot  
  25  2:42  SCV  
  26  2:45  Cyclone  
  29  2:54  SCV  
  30  3:03  Starport  
  30  3:06  SCV  
  30  3:09  Marine  
  30  3:12  Marine  
  31  3:18  SCV  
  32  3:22  Cyclone  
  35  3:30  SCV  
  35  3:31  Refinery  
  38  3:38  Orbital Command  
  36  3:42  SCV  
  36  3:44  Starport Tech Lab  
  36  3:45  Marine x2  
  39  3:54  SCV  
  40  3:56  Siege Tank  
  43  4:03  SCV  
  43  4:06  SCV, Supply Depot  
  45  4:13  Marine x2  
  45  4:15  Raven  
  48  4:17  SCV  
  48  4:18  SCV  
  50  4:29  SCV  
  50  4:30  SCV  
  51  4:32  Siege Tank, Marine x2  
  56  4:39  Command Center  
  56  4:41  SCV  
  56  4:43  Supply Depot  
  57  4:47  Refinery  
  57  4:49  SCV  
  58  4:53  Marine x2, SCV  
  58  4:59  Supply Depot  
  61  5:01  SCV  
  61  5:04  Raven  
  64  5:08  Supply Depot  
  64  5:11  Siege Tank  
  64  5:12  Marine x2  
  69  5:14  SCV  
  69  5:15  SCV  
  70  5:29  SCV  
  70  5:30  Barracks  
  70  5:32  SCV, Barracks  
  72  5:41  SCV  
  73  5:44  SCV, Engineering Bay  
  73  5:45  Engineering Bay  
  73  5:47  Siege Tank  
  76  5:54  Orbital Command  
  76  5:57  Viking x2  
  76  6:00  Marine  
  76  6:01  SCV  
  82  6:06  SCV  
  82  6:09  Supply Depot  
  83  6:13  SCV  
  81  6:18  SCV  
  81  6:24  Barracks Reactor  
  81  6:25  Barracks Reactor  
  79  6:27  Terran Infantry Armor Level 1, Terran Infantry Weapons Level 1, Viking x2  
  83  6:33  Siege Tank  
  83  6:34  Marine  
  83  6:37  SCV  
  83  6:38  Orbital Command  
  88  6:40  Supply Depot  
  88  6:43  SCV, Stimpack  
  88  6:45  Supply Depot  
  89  6:49  SCV  
  89  6:55  SCV  
  89  6:58  Marine, Supply Depot  
  89  6:59  Sensor Tower  
  91  7:02  Viking x2  
  91  7:04  SCV x2  
  97  7:13  Siege Tank  
  99  7:16  SCV  
  99  7:17  SCV x2  
  99  7:22  Marine x2  
  102  7:23  Marine  
  102  7:27  Refinery  
  102  7:28  SCV  
  102  7:29  Refinery  
  106  7:30  Supply Depot  
  106  7:31  Marine x2  
  106  7:32  SCV  
  109  7:38  SCV  
  109  7:39  Medivac x2, Missile Turret  
  109  7:40  Marine x2  
  109  7:42  SCV, Missile Turret  
  117  7:44  SCV  
  117  7:51  Siege Tank  
  121  7:52  SCV, Barracks x2  
  121  7:54  SCV  
  121  7:56  SCV  
  124  8:04  SCV, Marine x3  
  124  8:05  Marine x2  
  130  8:06  SCV, Armory  
  130  8:09  SCV  
  132  8:15  Supply Depot  
  132  8:16  SCV  
  132  8:18  Viking x2  
  137  8:21  Command Center  
  137  8:22  Combat Shield  
  137  8:25  Siege Tank  
  140  8:33  SCV  
  141  8:37  Marine x2  
  141  8:38  Marine x2  
  145  8:43  Barracks Reactor x2  
  145  8:48  Supply Depot  
  145  8:50  Viking x2  
  145  8:54  SCV  
  146  8:57  Siege Tank  
  149  9:03  Terran Infantry Weapons Level 2  
  149  9:04  Terran Vehicle Weapons Level 1  
  149  9:06  Supply Depot x2  
  149  9:09  Marine x5, SCV  
  155  9:11  Supply Depot  
  155  9:13  Supply Depot, Terran Infantry Armor Level 2  
  155  9:21  Missile Turret  
  155  9:27  Marine, Viking  
  158  9:32  Marine x4  
  158  9:33  Factory  
  158  9:35  SCV  
  163  9:39  SCV  
  163  9:42  SCV  
  163  9:45  Marine x3  
  145  9:46  Marine  
  145  9:47  Siege Tank, SCV  
  145  9:51  SCV  
  155  9:54  SCV  
  155  9:57  Missile Turret  
  155  9:59  Sensor Tower  
  155  10:00  Viking x2  
  155  10:06  Marine x3, Barracks Reactor  
  162  10:11  Planetary Fortress  
  162  10:14  Missile Turret  
  162  10:19  Starport x2  
  162  10:22  SCV  
  162  10:23  SCV x2  
  162  10:25  Refinery  
  162  10:26  Refinery  
  165  10:30  Siege Tank  
  165  10:34  Missile Turret  
  165  10:35  SCV  
  169  10:36  Siege Tank  
  169  10:37  Viking x2  
  169  10:39  Marine  
  177  10:47  Command Center  
  177  11:01  Starport Tech Lab x2  
  177  11:03  Marine x2  
  153  11:19  Viking x2  
  153  11:20  Marine x6  
  153  11:22  Siege Tank x2  
  153  11:23  Raven x2  
  172  11:29  Marine  
  172  11:30  Command Center  
  172  11:31  Command Center  
  172  11:32  Terran Vehicle Weapons Level 2  
  171  11:39  Marine x7  
  176  11:44  Corvid Reactor  
  178  11:48  Marine, Command Center  
  178  11:49  Marine x2  
  181  11:54  Siege Tank  
  181  11:57  Siege Tank, Marine x2, Command Center  
  189  12:05  Orbital Command  
  189  12:08  Raven x2, Viking  
  188  12:09  Marine x2  
  194  12:20  Marine x6  
  198  12:36  Marine x3  
  191  12:40  Marine x2  
  191  12:41  Siege Tank x2  
  189  12:46  Marine x3  
  189  12:47  Marine, Orbital Command  
  178  12:51  Raven  
  178  12:52  Marine  
  178  12:53  SCV  
  178  12:54  SCV x2, Marine  
  179  13:09  Medivac x2, Sensor Tower  
  179  13:10  Viking  
  182  13:13  Siege Tank x2, SCV x5  
  182  13:14  Orbital Command  
  193  13:29  Missile Turret  
  193  13:30  Command Center  
  193  13:34  Raven  
  193  13:35  Planetary Fortress  
  193  13:39  Viking  
  194  13:51  Marine  
  194  13:54  Marine x3  
  170  13:59  Siege Tank x2  
  174  14:03  Marine  
  174  14:04  Marine x2  
  174  14:05  SCV x4  
  174  14:06  SCV x2  
  181  14:17  SCV x2  
  181  14:18  SCV  
  188  14:26  Refinery  
  188  14:27  Refinery  
Show
View Real Time Build Order
Export as new Build Order

Clem Terran 

Build Orders:  

Get SALT Encoding   

  12  0:00  SCV  
  13  0:12  SCV  
  14  0:17  Supply Depot  
  14  0:24  SCV  
  15  0:38  SCV  
  15  0:39  Barracks  
  16  0:43  Refinery  
  16  0:50  SCV  
  16  0:52  Refinery  
  17  1:03  SCV  
  18  1:15  SCV  
  19  1:26  Reaper  
  19  1:27  Orbital Command  
  19  1:28  Supply Depot  
  20  1:41  Factory  
  20  1:52  SCV  
  21  1:58  Reaper  
  22  2:04  SCV  
  23  2:15  Command Center  
  23  2:18  SCV  
  24  2:24  Hellion  
  26  2:30  SCV  
  26  2:31  Barracks Reactor  
  26  2:34  Supply Depot  
  27  2:42  SCV  
  27  2:43  Starport  
  28  2:48  Widow Mine  
  30  2:54  SCV  
  31  3:06  SCV  
  31  3:10  Marine x2  
  31  3:11  Factory Tech Lab  
  31  3:18  SCV  
  32  3:26  Medivac  
  34  3:27  Orbital Command  
  34  3:29  Refinery  
  34  3:30  SCV  
  34  3:34  Cyclone  
  38  3:36  Marine  
  38  3:38  Marine  
  40  3:42  SCV  
  41  3:52  SCV, Supply Depot  
  41  3:54  SCV  
  43  3:57  Marine  
  43  3:58  Marine  
  45  4:04  SCV, Starport Tech Lab  
  45  4:09  Siege Tank  
  49  4:13  SCV  
  49  4:16  SCV  
  51  4:22  Raven  
  53  4:25  SCV  
  53  4:28  SCV  
  53  4:31  Supply Depot  
  53  4:37  SCV  
  54  4:40  SCV  
  54  4:42  Siege Tank  
  58  4:49  SCV  
  58  4:52  Command Center  
  59  4:53  SCV  
  60  5:01  SCV, Supply Depot  
  60  5:05  SCV, Raven  
  60  5:06  Marine  
  65  5:13  SCV  
  66  5:16  Supply Depot  
  66  5:17  SCV  
  67  5:24  Siege Tank  
  67  5:25  SCV  
  67  5:26  Refinery  
  67  5:28  Supply Depot  
  71  5:29  SCV  
  72  5:37  SCV  
  72  5:41  SCV  
  72  5:42  Barracks x2  
  74  5:49  SCV  
  75  5:52  Marine  
  75  5:53  SCV, Stimpack  
  75  5:56  Siege Tank  
  80  6:01  SCV  
  80  6:02  Viking  
  80  6:03  Viking  
  83  6:05  SCV  
  83  6:10  Marine  
  86  6:13  SCV  
  86  6:15  Orbital Command  
  85  6:19  SCV  
  85  6:24  Engineering Bay x2  
  83  6:26  SCV  
  83  6:29  Barracks Reactor x2  
  83  6:30  Supply Depot  
  83  6:31  SCV  
  85  6:33  Siege Tank  
  85  6:36  Orbital Command  
  85  6:37  Viking  
  90  6:41  Viking  
  90  6:43  SCV  
  90  6:45  Marine, SCV  
  95  6:48  Supply Depot  
  95  6:55  SCV, Terran Infantry Weapons Level 1  
  95  6:59  Terran Infantry Armor Level 1  
  97  7:01  SCV  
  97  7:03  Supply Depot  
  97  7:04  Marine  
  97  7:06  SCV  
  97  7:07  SCV  
  100  7:10  Viking  
  100  7:13  Siege Tank, SCV  
  106  7:17  Marine x3  
  106  7:19  SCV, Supply Depot  
  108  7:24  Marine, Refinery  
  108  7:25  Refinery  
  108  7:26  Marine  
  108  7:27  SCV  
  108  7:28  SCV  
  112  7:31  SCV  
  112  7:32  Combat Shield  
  113  7:39  SCV, Supply Depot  
  113  7:40  SCV  
  113  7:43  Marine, SCV  
  117  7:47  Marine  
  117  7:50  Viking x2  
  125  7:51  Siege Tank, SCV  
  125  7:53  SCV  
  125  7:55  SCV  
  125  7:56  Supply Depot  
  125  7:57  Supply Depot  
  128  8:03  Command Center  
  128  8:09  Sensor Tower  
  128  8:10  Supply Depot  
  128  8:11  Marine  
  128  8:12  Factory  
  129  8:13  Marine x2  
  129  8:15  Marine x2  
  133  8:26  Armory  
  133  8:28  Viking  
  133  8:29  Marine  
  133  8:30  Viking, Missile Turret  
  133  8:31  Marine  
  133  8:33  Marine  
  133  8:34  Marine  
  139  8:37  Marine  
  139  8:39  Siege Tank, Supply Depot  
  144  8:47  Marine, Supply Depot  
  145  8:49  Marine  
  144  8:57  Marine  
  144  8:58  Viking  
  144  9:00  Viking  
  147  9:05  Barracks  
  147  9:06  Barracks  
  147  9:07  Barracks Reactor  
  147  9:09  Marine x3  
  150  9:10  Siege Tank  
  150  9:13  Supply Depot  
  150  9:14  Siege Tank, Marine  
  157  9:17  Terran Infantry Weapons Level 2  
  157  9:21  Terran Infantry Armor Level 2  
  156  9:27  Marine x2  
  156  9:28  Marine, Viking, SCV  
  156  9:29  SCV  
  156  9:30  SCV, Viking  
  165  9:32  Missile Turret  
  165  9:34  Terran Vehicle Weapons Level 1  
  162  9:50  Command Center  
  162  9:54  Siege Tank  
  162  9:57  Medivac  
  162  9:59  Siege Tank  
  170  10:00  Marine, Medivac  
  170  10:01  Marine x4  
  170  10:02  Barracks Reactor  
  170  10:03  Marine x2  
  179  10:07  Refinery  
  179  10:12  Refinery  
  179  10:18  Marine x3  
  179  10:19  Marine  
  179  10:20  Supply Depot  
  179  10:21  SCV x3  
  184  10:27  Viking  
  187  10:30  Viking  
  187  10:33  SCV  
  188  10:38  SCV  
  188  10:39  Starport  
  188  10:41  Barracks Reactor, Starport  
  190  10:49  Command Center  
  189  10:57  Viking  
  189  11:00  Viking  
  189  11:03  Planetary Fortress  
  189  11:07  SCV  
  189  11:08  SCV, Sensor Tower  
  182  11:21  Command Center  
  182  11:27  Viking  
  182  11:30  Viking  
  188  11:41  Command Center  
  188  11:42  Starport Tech Lab x2  
  186  11:49  Terran Infantry Weapons Level 3  
  186  11:56  Terran Infantry Armor Level 3  
  186  11:57  Medivac  
  186  12:00  Viking  
  186  12:01  Terran Vehicle Weapons Level 2  
  186  12:14  Siege Tank  
  190  12:20  Corvid Reactor  
  189  12:27  Viking  
  189  12:29  Command Center  
  189  12:30  Viking  
  189  12:34  Siege Tank  
  189  12:35  Marine  
  189  12:36  Marine x6  
  190  12:38  Marine  
  149  12:44  Viking  
  149  12:46  Siege Tank  
  149  12:47  Marine  
  149  12:48  Marine  
  152  12:53  Marine  
  152  12:54  Marine x4  
  152  12:57  Marine x2  
  151  13:01  Raven  
  151  13:03  Marine  
  154  13:05  Marine  
  154  13:08  SCV  
  154  13:10  Orbital Command  
  154  13:12  Orbital Command  
  156  13:14  SCV, Raven  
  156  13:18  Siege Tank  
  162  13:22  Viking  
  162  13:24  Viking  
  163  13:32  Missile Turret  
  163  13:35  Siege Tank  
  163  13:39  Marine  
  167  13:41  Marine  
  167  13:44  Raven  
  168  13:52  Siege Tank, Viking  
  168  13:53  Marine  
  168  13:54  Marine x3  
  146  13:57  Marine x4  
  146  13:58  Marine  
  146  14:01  Marine  
  144  14:05  Orbital Command  
  135  14:11  Marine  
  135  14:12  Marine x3  
  135  14:15  Marine x2  

Tags
 
Add a new tag
Caveats
  • Supply blocks, unpowered buildings, or Contaminate may cause inaccurate times.
  • Supply counts are checked every 10 seconds.